 Dungeon Crawl Stone Soup version 0.31.0-2-g5a2aebc5c2 (webtiles) character file.

Game seed: 9474504918871029219

69683 freelancePsychic the Thaumaturge (level 15, -4/113 (116) HPs)
             Began as a Djinni Alchemist on Jan 20, 2024.
             Was a Believer of Jiyva.
             Killed from afar by an orc sorcerer (15 damage)
             ... with a bolt of negative energy
             ... led by an orc knight
             ... on level 2 of the Orcish Mines.
             The game lasted 00:47:23 (22967 turns).

freelancePsychic the Thaumaturge (DjAl)            Turns: 22967, Time: 00:47:23

HP:   -4/113 (116)  AC: 10    Str:  7    XL:     15   Next: 75%
Gold: 1465          EV: 23    Int: 23    God:    Jiyva [**....] SH: 13 Dex: 21

rFire   + + .        V - +8 trishula "Condemnation" {holy, anguish, *Noise Fly rN+}
rCold   . . .        A - +1 buckler {rC+}
rNeg    + . .        G - +3 leather armour
rPois   ∞            o - +0 helmet
rElec   .            U - +1 cloak of Starlight {*Dazzle EV+4 Stlth--}
rCorr   +            D - +0 pair of gloves
SInv    .            (boots unavailable)
Will    ++...        M - amulet of reflection
Stlth   +            w - +6 ring of dexterity
HPRegen 1.34/turn    B - ring of willpower
MPRegen 0.00/turn

%: reflection, infuse magic (-5 HP)
@: flying, lightly drained
A: sickness immunity, fire resistance 2, cold vulnerability 1, float, innate
caster, HP casting, extra vitality 1
a: Renounce Religion


You were on level 2 of the Orcish Mines.
You worshipped Jiyva.
Jiyva was pleased with you.
You visited 4 branches of the dungeon, and saw 20 of its levels.
You also visited: Sewer.

You collected 1981 gold pieces.
You spent 516 gold pieces at shops.

Inventory:

Hand Weapons
 n - a +2 whip of draining
 V - the +8 trishula "Condemnation" (weapon) {holy, anguish, *Noise Fly rN+}
   (You found it on level 2 of the Lair of Beasts)

   rN+:       It protects you from negative energy.
   Fly:       It grants you flight.
   *Noise:    It may make a loud noise when swung.
Missiles
 x - 14 curare-tipped darts
 y - 3 throwing nets
Armour
 o - a +0 helmet (worn)
 A - a +1 buckler of cold resistance (worn)
 D - a +0 pair of gloves (worn)
 G - a +3 leather armour (worn)
 U - the +1 cloak of Starlight (worn) {*Dazzle EV+4 Stlth--}
   (You bought it in a shop on level 5 of the Dungeon)

   *Dazzle:   It may blind those who miss an attack against the wearer in melee
   combat.
   EV+4:      It affects your evasion (+4).
   Stlth--:   It makes you much less stealthy.
Magical Staves
 S - a staff of cold
Jewellery
 w - a +6 ring of dexterity (left hand)
 B - a ring of willpower (right hand)
 C - an amulet of faith
 E - a ring of see invisible
 M - an amulet of reflection (around neck)
 Q - an amulet of the acrobat
 Y - a ring of wizardry
 Z - a +6 ring of intelligence
Wands
 z - a wand of flame (84)
 I - a wand of roots (7)
 J - a wand of mindburst (9)
 L - a wand of charming (25)
 O - a wand of quicksilver (4)
 T - a wand of polymorph (4)
Scrolls
 c - 14 scrolls of teleportation {unknown}
 d - 5 scrolls of noise
 e - 4 scrolls of amnesia {unknown}
 f - 16 scrolls of identify {unknown}
 h - 4 scrolls of revelation {unknown}
 k - 3 scrolls of enchant weapon {unknown}
 l - a scroll of vulnerability {unknown}
 m - 8 scrolls of blinking {unknown}
 q - a scroll of torment {unknown}
 s - 3 scrolls of fog {unknown}
 u - 4 scrolls of enchant armour {unknown}
 v - 4 scrolls of fear {unknown}
 H - 4 scrolls of immolation {unknown}
Potions
 b - 12 potions of curing {unknown}
 g - 4 potions of might {unknown}
 i - 7 potions of heal wounds {unknown}
 j - 2 potions of magic {unknown}
 p - 3 potions of lignification {unknown}
 t - 2 potions of enlightenment
 F - 3 potions of resistance {unknown}
 K - 3 potions of attraction {unknown}
 N - 3 potions of mutation {unknown}
 P - 4 potions of brilliance {unknown}
 R - 4 potions of haste {unknown}
 W - 5 potions of ambrosia {unknown}
 X - a potion of cancellation {unknown}
Miscellaneous
 a - a lightning rod (4/4)


   Skills:
 + Level 13.8 Fighting
 + Level 4.6 Polearms
 + Level 11.5 Dodging
 - Level 4.0 Stealth
 - Level 8.0 Shields
 + Level 13.8 Spellcasting
 + Level 13.8 Conjurations
 + Level 13.8 Hexes
   Level 0.0 Charms
 + Level 13.8 Summonings
 + Level 13.8 Necromancy
 + Level 13.8 Translocations
   Level 0.0 Transmutations
 + Level 13.8 Fire Magic
 + Level 13.8 Ice Magic
 + Level 13.8 Air Magic
 + Level 13.8 Earth Magic
 + Level 13.8 Alchemy
 - Level 4.9 Evocations


You knew the following spells:

 Your Spells              Type           Power      Damage    Failure   Level
a - Sandblast             Erth           100%       2d20      1%          1
b - Mercury Vapours       Alch/Air       100%       N/A       1%          2
c - Mephitic Cloud        Conj/Alch/Air  68%        N/A       1%          3
d - Olgreb's Toxic Radia  Alch           68%        N/A       1%          4
e - Arcjolt               Conj/Air       34%        1d44      1%          5
f - Sting                 Conj/Alch      100%       1d9       1%          1
g - Swiftness             Air            68%        N/A       1%          3
h - Manifold Assault      Tloc           68%        N/A       1%          4
i - Plasma Beam           Fire/Air       34%        2x1d47    4%          6
j - Vhi's Electric Charg  Tloc/Air       100%       N/A       1%          4
k - Scorch                Fire           100%       2d9       1%          2
l - Sticky Flame          Fire/Alch      68%        2d11      1%          4
Your spell library was empty.

Dungeon Overview and Level Annotations

Branches:
Dungeon (12/15)            Temple (1/1) D:7            Lair (5/5) D:8
 Spider (0/4) Lair:3        Slime (0/5) Lair:5          Orc (2/2) D:11
  Sewer (visited)
  Swamp: Lair:2-3    Shoals: Lair:2-3       Elf: Orc:2

Altars:
Ashenzari
Cheibriados
Dithmenos
Elyvilon
Fedhas
Gozag
Hepliaklqana
Makhleb
Nemelex Xobeh
Okawaru
Qazlal
Ru
Trog
Uskayaw
Wu Jian
Xom
Yredelemnul
Zin
The Shining One
Jiyva

Shops:
D:5 [

Annotations:
D:3 1 runed translucent door, Crazy Yiuf
D:9 3 runed translucent doors, pigah's ghost, journeyman OpSh
D:11 2 transporters, Strat's ghost, journeyman OnHs
D:12 Frances
Temple 4 transporters
Lair:3 1 runed translucent door, Xiemaice's ghost, journeyman DrFE


Innate Abilities, Weirdness & Mutations

You are immune to sickness and miasma.
You are immune to poison.
Your flesh is very heat resistant. (rF++)
You are vulnerable to cold. (rC-)
You float through the air rather than walking.
You learn spells naturally, not from books.
Your magical power is your life essence.
You have superior vitality. (+4 MHP)


Message History

* * * LOW HITPOINT WARNING * * *
You puncture the orc knight!
The orc knight is haunted by guilt!
The orc knight is heavily wounded.
The orc knight is engulfed in noxious fumes.
The orc knight closely misses you.
You hit the orc knight.
The orc knight is heavily wounded.
The orc knight is engulfed in noxious fumes.
The orc knight appears confused.
The orc knight hits you but does no damage.
Your magical contamination has completely faded away.
You puncture the orc knight!
The orc knight is severely wounded.
The orc knight is engulfed in noxious fumes.
The orc knight completely misses you.
You puncture the orc knight!
The orc knight is severely wounded.
The orc knight is engulfed in noxious fumes.
The orc knight appears confused.
You catch the helpless orc knight completely off-guard!
You hit the orc knight.
The orc knight is severely wounded.
The orc knight is engulfed in noxious fumes.
The orc knight hits itself with a +0 broad axe!
The orc knight is wracked by anguish!
The orc knight dies!
An orc sorcerer comes into view. It is wielding a +0 dagger.
Casting: Mephitic Cloud (safe; 1% risk of failure)
Confirm with . or Enter, or press ? or * to list all spells.
Aiming: Mephitic Cloud (safe; 1% risk of failure)
Press: ? - help, Shift-Dir - straight line, f - orc sorcerer
Aim: an orc sorcerer, wielding a +0 dagger and wearing a +2 robe (chance to affect: 58%)
The ball explodes into a vile cloud!
The stinking cloud engulfs the orc sorcerer.
The stinking cloud engulfs you.
* * * LOW HITPOINT WARNING * * *
The orc sorcerer is engulfed in noxious fumes.
The orc sorcerer points at you and mumbles some strange words.
The bolt of negative energy hits you! You partially resist.
You feel drained.
You die...

##............###
...........<..#.#
...............##
.....####.......###
....# #.........#
... ###......##
.... #.#......§#
.....####....).##o#
...............#@##
#.............###
#......).....##
#).......)..##
#.......o#.##
##......###
#.....## ##.....#
##.).##


You could see an orc sorcerer.

Vanquished Creatures
  Snorg (D:12)
  2 fire dragons (Lair:5)
  Josephine (D:12)
  Fannar (Lair:1)
  4 hydras
  Erolcha (D:11)
  Erica (Lair:2)
  6 death yaks (Lair:5)
  2 two-headed ogres
  Sonja (Lair:1)
  A skyshark (Lair:2)
  Lodul (D:12)
  Pikel (D:4)
  4 orc knights
  A lindwurm (Lair:5)
  3 cyclopes
  An orc sorcerer (Orc:1)
  6 kobold blastminers
  7 elephants
  A molten gargoyle (Lair:5)
  A gargoyle (D:9)
  9 black mambas
  Maggie (D:8)
  2 rime drakes
  6 torpor snails
  13 cane toads
  11 komodo dragons
  A queen bee (Lair:2)
  2 hornets (D:10)
  Prince Ribbit (D:7)
  12 blink frogs
  15 dream sheep
  14 slime creatures
  A shadow (D:12)
  13 wyverns
  9 wraiths
  50 yaks
  13 basilisks
  2 vampires
  A warg (D:11)
  2 vampire mosquitoes (D:10)
  2 steam dragons
  2 swamp worms (Lair:2)
  3 hell hounds (Lair:5)
  16 water moccasins
  18 orc warriors
  2 black bears (D:8)
  A sky beast (D:6)
  12 ogres
  15 wolves
  6 centaurs
  5 phantoms
  4 kobold brigands
  4 lemures (D:4)
  17 bullfrogs
  A brain worm (Sewer)
  6 scorpions
  3 wights (D:7)
  40 killer bees
  An electric eel (D:11)
  4 howler monkeys
  3 lava snakes (Lair:5)
  A bombardier beetle (D:4)
  2 jellies
  5 orc priests
  5 hounds
  2 gnoll boudas
  Jessica (D:2)
  4 iguanas
  3 sleepcaps
  A hell rat (Lair:2)
  19 orc wizards
  20 gnolls
  7 river rats
  11 adders
  A shadow imp (D:6)
  3 white imps
  2 ufetubi (D:5)
  4 ribbon worms
  62 orcs
  11 ball pythons
  5 endoplasms
  8 giant cockroaches
  8 hobgoblins
  19 jackals
  23 kobolds
  4 quokkas
  11 bats
  5 frilled lizards (D:2)
  4 goblins
  4 rats
645 creatures vanquished.

Vanquished Creatures (others)
  A lindwurm (Lair:5)
  An orc knight (Orc:2)
  A molten gargoyle (Lair:5)
  A rime drake (Lair:5)
  A hell hound (Lair:5)
  22 jellies
  2 lava snakes (Lair:5)
  An orc (Orc:1)
30 creatures vanquished.

Grand Total: 675 creatures vanquished

Notes
Turn   | Place    | Note
-------+----------+-------------------------------------------
     0 | D:1      | freelancePsychic the Djinni Alchemist began the quest for
                  | the Orb.
     0 | D:1      | freelancePsychic set off with the following spells
                  | memorised: Sting, Mercury Vapours, Mephitic Cloud, Olgreb's
                  | Toxic Radiance, Sticky Flame.
     0 | D:1      | Reached XP level 1. HP: 15/15 MP: 0/0
   306 | D:1      | Reached XP level 2. HP: 16/22 MP: 0/0
   532 | D:2      | Reached XP level 3. HP: 17/26 MP: 0/0
   532 | D:2      | Learned a level 1 spell: Sandblast
   573 | D:2      | Reached skill level 1 in Fighting
   735 | D:2      | Noticed Jessica
   744 | D:2      | Killed Jessica
   745 | D:2      | Reached XP level 4. HP: 29/32 MP: 0/0
   796 | D:2      | Found a faded altar of an unknown god.
  1141 | D:3      | Found a glowing silver altar of Zin.
  1254 | D:3      | Reached XP level 5. HP: 24/38 MP: 0/0
  1254 | D:3      | Learned a level 2 spell: Scorch
  1309 | D:3      | Found a glowing drain.
  1405 | Sewer    | Entered a sewer
  1609 | Sewer    | Noticed a brain worm
  1623 | Sewer    | Killed a brain worm
  1624 | Sewer    | Reached XP level 6. HP: 43/45 MP: 0/0
  2181 | D:3      | Found a runed translucent door.
  2182 | D:3      | Noticed Crazy Yiuf
  2302 | D:4      | Reached XP level 7. HP: 33/50 MP: 0/0
  2302 | D:4      | Learned a level 3 spell: Swiftness
  2455 | D:4      | Found a stormy altar of Qazlal.
  2500 | D:4      | Reached skill level 5 in Spellcasting
  2500 | D:4      | Reached skill level 5 in Conjurations
  2500 | D:4      | Reached skill level 5 in Hexes
  2500 | D:4      | Reached skill level 5 in Summonings
  2500 | D:4      | Reached skill level 5 in Necromancy
  2500 | D:4      | Reached skill level 5 in Translocations
  2500 | D:4      | Reached skill level 5 in Fire Magic
  2500 | D:4      | Reached skill level 5 in Ice Magic
  2500 | D:4      | Reached skill level 5 in Air Magic
  2500 | D:4      | Reached skill level 5 in Earth Magic
  2500 | D:4      | Reached skill level 5 in Alchemy
  2532 | D:4      | Noticed Pikel
  2820 | D:4      | Reached XP level 8. HP: 25/58 MP: 0/0
  3075 | D:4      | Identified the +2 quarterstaff "Hawacet" {spect, ^Drain
                  | rPois rF- rN+++}
  3102 | D:4      | Killed Pikel
  3395 | D:5      | Entered Level 5 of the Dungeon
  3699 | D:5      | Reached skill level 5 in Fighting
  3824 | D:5      | Reached XP level 9. HP: 53/65 MP: 0/0
  3824 | D:5      | Learned a level 4 spell: Manifold Assault
  4750 | D:5      | Found a sparkling altar of Nemelex Xobeh.
  4755 | D:5      | Found Dapy's Armour Shoppe.
  4973 | D:5      | Reached skill level 5 in Dodging
  5088 | D:5      | Bought a +1 buckler of cold resistance for 181 gold pieces
  5468 | D:6      | Reached skill level 1 in Shields
  5555 | D:6      | Identified the +1 robe "Jaxeecom" {rN+ Str+2 Int-3}
  6286 | D:7      | Noticed Prince Ribbit
  6292 | D:7      | Killed Prince Ribbit
  6390 | D:7      | Reached XP level 10. HP: 58/73 MP: 0/0
  6751 | D:7      | Found a staircase to the Ecumenical Temple.
  6920 | Temple   | Found a transporter.
  6920 | Temple   | Found a transporter.
  6920 | Temple   | Found a transporter.
  6920 | Temple   | Found a transporter.
  6920 | Temple   | Entered the Ecumenical Temple
  7621 | D:8      | Noticed Maggie
  7626 | D:8      | Killed Maggie
  7627 | D:8      | Reached skill level 5 in Shields
  7637 | D:8      | Reached XP level 11. HP: 35/81 MP: 0/0
  7637 | D:8      | Learned a level 4 spell: Vhi's Electric Charge
  8064 | D:8      | Found a staircase to the Lair.
  9434 | D:9      | Found a runed translucent gate.
  9435 | D:9      | Found a runed translucent gate.
  9435 | D:9      | Found a runed translucent gate.
  9435 | D:9      | Noticed pigah's ghost (journeyman OpSh)
  9496 | D:10     | Entered Level 10 of the Dungeon
  9658 | D:10     | Reached skill level 10 in Spellcasting
  9658 | D:10     | Reached skill level 10 in Conjurations
  9658 | D:10     | Reached skill level 10 in Hexes
  9658 | D:10     | Reached skill level 10 in Summonings
  9658 | D:10     | Reached skill level 10 in Necromancy
  9658 | D:10     | Reached skill level 10 in Translocations
  9658 | D:10     | Reached skill level 10 in Fire Magic
  9658 | D:10     | Reached skill level 10 in Ice Magic
  9658 | D:10     | Reached skill level 10 in Air Magic
  9658 | D:10     | Reached skill level 10 in Earth Magic
  9658 | D:10     | Reached skill level 10 in Alchemy
  9834 | D:10     | Noticed a two-headed ogre
  9843 | D:10     | Killed a two-headed ogre
 10048 | D:11     | Noticed a cyclops
 10221 | D:11     | Killed a cyclops
 10365 | D:11     | Noticed a two-headed ogre
 10371 | D:11     | Killed a two-headed ogre
 10473 | D:11     | Found a transporter.
 10477 | D:11     | Noticed Erolcha
 10479 | D:11     | Noticed Strat's ghost (journeyman OnHs)
 10491 | D:11     | Killed Erolcha
 10492 | D:11     | Reached XP level 12. HP: 61/90 MP: 0/0
 10674 | D:11     | Found a staircase to the Orcish Mines.
 10770 | D:11     | Identified the +6 chain mail of Lightning Storm {Will+
                  | Stlth+}
 10816 | D:11     | Found a transporter.
 11271 | D:12     | Noticed Snorg
 11347 | D:12     | Noticed Josephine
 11544 | D:12     | Killed Josephine
 11762 | D:12     | Noticed Lodul
 11835 | D:12     | Reached skill level 10 in Fighting
 11838 | D:12     | Killed Lodul
 12101 | D:12     | Killed Snorg
 12333 | D:12     | Found a broken altar of Ashenzari.
 12795 | D:12     | Identified the +2 broad axe "Fikhlirch" {venom, Str+5}
 12872 | D:12     | Noticed Frances
 13252 | Lair:1   | Entered Level 1 of the Lair of Beasts
 13268 | Lair:1   | Reached XP level 13. HP: 55/97 MP: 0/0
 13268 | Lair:1   | Learned a level 5 spell: Arcjolt
 13815 | Lair:1   | Found a hazy altar of Hepliaklqana.
 13987 | Lair:1   | Noticed Fannar
 13998 | Lair:1   | Killed Fannar
 14082 | Lair:1   | Noticed Sonja
 14088 | Lair:1   | Killed Sonja
 14733 | Lair:2   | Noticed a four-headed hydra
 14978 | Lair:2   | Noticed an eight-headed hydra
 15052 | Lair:2   | Noticed Erica
 15057 | Lair:2   | Killed Erica
 15375 | D:5      | Bought the +1 cloak of Starlight {*Dazzle EV+4 Stlth--} for
                  | 335 gold pieces
 15375 | D:5      | Found the +1 cloak of Starlight {*Dazzle EV+4 Stlth--}
 15589 | Lair:2   | Killed a four-headed hydra
 15796 | Lair:2   | Reached skill level 1 in Evocations
 15985 | Lair:2   | Found the +8 trishula "Condemnation" {holy, anguish, *Noise
                  | Fly rN+}
 16125 | Lair:2   | Reached XP level 14. HP: 84/106 MP: 0/0
 16801 | Lair:3   | Found a runed translucent door.
 16804 | Lair:3   | Noticed Xiemaice's ghost (journeyman DrFE)
 16978 | Lair:3   | You are sucked into a shaft and drop 2 floors!
 16978 | Lair:5   | Entered Level 5 of the Lair of Beasts
 18707 | Lair:4   | Identified the +3 falchion "Worm" {flame, Int+6 Dex-4}
 19051 | Lair:4   | Reached skill level 1 in Polearms
 19123 | Lair:5   | Reached skill level 10 in Dodging
 19580 | Lair:5   | Found a staircase to the Slime Pits.
 19580 | Lair:5   | Found a viscous altar of Jiyva.
 19588 | Lair:5   | Became a worshipper of Jiyva Jauheph the Shapeless
 19628 | Lair:5   | Reached XP level 15. HP: 20/114 MP: 0/0
 19628 | Lair:5   | Learned a level 6 spell: Plasma Beam
 20884 | Lair:5   | Found a large runed translucent door.
 20884 | Lair:5   | Found a large runed translucent door.
 21609 | Lair:3   | Reached * piety under Jiyva
 21698 | Lair:3   | Found a snail-covered altar of Cheibriados.
 21962 | Lair:3   | Found a hole to the Spider Nest.
 22353 | Orc:1    | Entered Level 1 of the Orcish Mines
 22821 | Orc:2    | Entered Level 2 of the Orcish Mines
 22821 | Orc:2    | Reached ** piety under Jiyva
 22958 | Orc:2    | HP: 2/116 [orc knight/+0 broad axe (19)]
 22967 | Orc:2    | Killed from afar by an orc sorcerer

Illustrated notes

Levels and vault maps discovered:
D:1:      minmay_arrival_four_circles, layout_loops_ring
D:2:      layout_basic, basic_ecumenical_altar, uniq_jessica
D:3:      layout_rooms, overflow_temple_1_default, portal_sewer_entry_c,
          uniq_crazy_yiuf_cottage
D:4:      layout_rooms, marbit_many_paths, uniq_pikel
D:5:      lemuel_castle_with_subvaults [lemuel_castle_interior_carwin_3],
          layout_rooms, nemelex_xobeh_ov_fountains_minmay, serial_shops,
          nicolae_inconvenience_store
D:6:      layout_loops_ring, chequers_serial_rivers_marsh
D:7:      layout_basic, minmay_temple_entry_hall, uniq_prince_ribbit1
D:8:      layout_loops_ring, due_lair_maze_entry_diamond, grunt_ministairs_2,
          minmay_misc_feat_roman, uniq_maggie
D:9:      layout_loops_ring, ebering_ghost_rock_garden
D:10:     layout_rooms
D:11:     layout_basic, minmay_orc_entry_guard_dogs, gammafunk_ghost_stat_death,
          uniq_erolcha
D:12:     layout_irregular_city, nicolae_ashenzari_panopticon, uniq_josephine,
          uniq_lodul, uniq_frances, uniq_snorg
Temple:   hellmonk_temple_divided_pantheon
Lair:1:   layout_gridlike, basic_altar, uniq_sonja, uniq_fannar
Lair:2:   regret_index_bee_streams, layout_regular_city,
          nicolae_swamp_entry_splash_gauntlet, small_statue_intersection,
          uniq_erica
Lair:3:   layout_gridlike, spider_nest_entry_web_field,
          hellmonk_ghost_happy_afterlife, kennysheep_snail_temple
Lair:4:   layout_gridlike, cheibrodos_lair_reptile_den, grunt_megastairs_2
Lair:5:   cheibrodos_lair_end_hotspot, layout_cave_shapes,
          minmay_slime_entry_pillars, hellmonk_talismancer
Orc:1:    layout_diamond_mine
Orc:2:    st_orc_rangers, layout_diamond_mine, minmay_orc_temple_b, uniq_nessos

Skill      XL: |  1  2  3  4  5  6  7  8  9 10 11 12 13 14 15 |
---------------+----------------------------------------------+-----
Fighting       | 1 2 3 5 6 7 9 10 11 13 | 13.8
Stealth        | 2 3 4 |  4.0
Spellcasting   | 4 5 6 7 9 10 11 12 13 | 13.8
Conjurations   | 4 5 6 7 9 10 11 12 13 | 13.8
Hexes          | 4 5 6 7 9 10 11 12 13 | 13.8
Summonings     | 4 5 6 7 9 10 11 12 13 | 13.8
Necromancy     | 4 5 6 7 9 10 11 12 13 | 13.8
Translocations | 4 5 6 7 9 10 11 12 13 | 13.8
Fire Magic     | 4 5 6 7 9 10 11 12 13 | 13.8
Ice Magic      | 4 5 6 7 9 10 11 12 13 | 13.8
Air Magic      | 4 5 6 7 9 10 11 12 13 | 13.8
Earth Magic    | 4 5 6 7 9 10 11 12 13 | 13.8
Alchemy        | 4 5 6 7 9 10 11 12 13 | 13.8
Dodging        | 4 5 8 10 11 | 11.5
Shields        | 2 5 7 8 |  8.0
Evocations     | 2 4 |  4.9
Polearms       | 2 4 |  4.6

Action                     |  1- 3 |  4- 6 |  7- 9 | 10-12 | 13-15 || total
---------------------------+-------+-------+-------+-------+-------++-------
  Melee: Whip              |       |     2 |     1 |    28 |       ||    31
         Staff             |       |       |       |       |    21 ||    21
         Trishula          |       |       |       |       |   189 ||   189
  Throw: Dart              |       |       |       |       |     2 ||     2
   Cast: Sting             |    36 |       |       |       |       ||    36
         Sandblast         |    17 |    48 |    65 |     3 |       ||   133
         Mercury Vapours   |     1 |     2 |       |       |       ||     3
         Scorch            |       |    42 |    64 |   132 |     1 ||   239
         Mephitic Cloud    |       |       |    12 |    22 |    17 ||    51
         Olgreb's Toxic Ra |       |       |    62 |    98 |    75 ||   235
         Sticky Flame      |       |       |     6 |    47 |    21 ||    74
         Arcjolt           |       |       |       |       |   180 ||   180
         Manifold Assault  |       |       |       |       |   100 ||   100
         Plasma Beam       |       |       |       |       |    42 ||    42
  Evoke: Wand              |       |       |       |       |     1 ||     1
   Stab: Confused          |       |       |       |     1 |     1 ||     2
         Invisible         |       |       |       |       |     2 ||     2
 Armour: Robe              |    15 |    26 |    39 |       |       ||    80
         Leather armour    |       |       |     1 |   101 |    80 ||   182
  Dodge: Dodged            |    13 |    32 |    25 |    85 |   171 ||   326
  Block: Buckler           |       |       |     2 |    87 |   155 ||   244
         Reflection        |       |       |       |     6 |    17 ||    23
